 Dungeon Crawl Stone Soup version 0.30-a0-509-gd016549fea (webtiles) character file.

Game seed: 15917984756442667759

88 cforsyth the Stinger (level 4, -9/33 HPs)
             Began as a Draconian Venom Mage on Dec 23, 2022.
             Killed by divine providence
             ... invoked by an orc priest
              (12 damage)
             ... on level 3 of the Dungeon.
             The game lasted 00:07:56 (2764 turns).

cforsyth the Stinger (Draconian Venom Mage)         Turns: 2764, Time: 00:07:57

Health: -9/33      AC:  6    Str: 10    XL:     4   Next: 29%
Magic:  7/8        EV: 12    Int: 24    God:
Gold:   120        SH:  0    Dex: 11    Spells: 7/8 levels left

rFire   . . .      SeeInvis .    (no weapon)
rCold   . . .      Faith    .    (no shield)
rNeg    . . .      Spirit   .    (body armour unavailable)
rPois   .          Reflect  .    (helmet restricted)
rElec   .          Harm     .    (no cloak)
rCorr   .          Rampage  .    (no gloves)
Will    .....                    p - +0 pair of boots
Stlth   ++........               (no amulet)
HPRegen 0.25/turn                g - +6 ring of intelligence
MPRegen 0.11/turn                (no ring)

@: no status effects
A: AC +5, unfitting armour, cold-blooded
a: no special abilities


You were on level 3 of the Dungeon.
You visited 1 branch of the dungeon, and saw 3 of its levels.

You collected 120 gold pieces.

Inventory:

Armour
 p - a +0 pair of boots (worn)
Jewellery
 g - a +6 ring of intelligence (left hand)
 i - an amulet of faith
Scrolls
 b - 4 scrolls of identify {unknown}
 d - 4 scrolls of fog {unknown}
 j - a scroll of enchant armour {unknown}
 l - a scroll of teleportation {unknown}
 m - 2 scrolls of vulnerability {unknown}
Potions
 a - a potion of magic
 c - a potion of mutation {unknown}
 e - 2 potions of heal wounds {unknown}
 f - 4 potions of curing {unknown}
 h - a potion of brilliance {unknown}
 k - a potion of haste {unknown}
 n - a potion of ambrosia {unknown}
 o - a potion of might {unknown}


   Skills:
 + Level 2.5 Dodging
 - Level 2.0 Stealth
 + Level 2.7 Spellcasting
 + Level 2.1 Transmutations
 + Level 3.6 Poison Magic


You had 7 spell levels left.
You knew the following spells:

 Your Spells              Type           Power      Damage    Failure   Level
a - Sting                 Tmut/Pois      68%        1d6       3%          1

Your spell library contained the following spells:

 Spells                   Type           Power      Damage    Failure   Level
 Poisonous Vapours        Pois/Air       22%        N/A       9%          2
 Mephitic Cloud           Conj/Pois/Air  9%         N/A       21%         3
 Olgreb's Toxic Radiance  Pois           20%        N/A       26%         4


Dungeon Overview and Level Annotations

Branches:
Dungeon (3/15)

Altars:
Trog

Shops:
D:2 [


Innate Abilities, Weirdness & Mutations

Your plain brown scales are hard. (AC +5)
You cannot fit into any form of body armour.
You are cold-blooded and may be slowed by cold attacks.


Message History

There is a stone staircase leading down here.
Found a stone staircase leading down.
You open the door.
A ball python, an orc priest, 2 orcs and an orc wizard come into view.
The orc priest is wielding a +0 antimagic short sword.
The orc shouts!
The ball python hisses angrily.
The orc priest shouts!
The sting hits the orc priest.
The orc priest is poisoned.
The orc priest is lightly wounded.
Unknown command.
The ball python attacks as you move away!
The ball python barely misses you.
Sorry, you're not good enough to have a special ability.
The sting hits the ball python.
The ball python is poisoned.
The ball python is moderately wounded.
The ball python closely misses you. The ball python misses you.
You kill the ball python!
The orc priest looks more healthy.
The sting hits the orc but does no damage.
The orc is poisoned.
The orc priest begins to cast a cantrip, but forgets the words!
The orc attacks as you move away! The orc barely misses you.
The orc attacks as you move away! The orc barely misses you.
The orc priest mumbles some strange prayers to Beogh against you.
Beogh smites you!
The orc priest casts a cantrip, but nothing happens.
The orc looks more healthy.
The sting hits the orc.
The orc is poisoned.
You kill the orc!
The orc wizard mumbles some strange words.
The orc wizard flickers and vanishes!
Deactivating autopickup; reactivate with Ctrl-A.
You can't see any susceptible monsters within range! (Use Z to cast anyway.)
The orc priest calls down the wrath of Beogh upon you.
Beogh smites you!
The orc priest mumbles some strange prayers to Beogh against you.
Beogh smites you!
* * * LOW HITPOINT WARNING * * *
The orc priest invokes the aid of Beogh against you.
Beogh smites you!
You die...

#.#.......#.........#.#.
#.#+###o..####.####.#.#.
#.....#.....##......#.##
#.....#.#.#...#######...
#.....#.#.###..#...#####
#.#.###.#.#........#....
#.#.# #.#.#........'....
#.#.# #.#.#...)....#....
#.#.###@#.#......###....
######.#..##<#.#####.........
#.........[.##.# #.........
#.####....#.##.# #.........
#†#########....# #.........
#........####### #.........
#.........# #.........
#.........# #.........
#.........# #.........


You could see an orc priest.

Vanquished Creatures
  4 adders (D:2)
  A worm (D:3)
  2 orcs (D:3)
  4 endoplasms
  3 goblins
  2 hobgoblins (D:3)
  6 jackals
  A quokka (D:1)
  7 ball pythons
  A bat (D:3)
  4 frilled lizards
  7 kobolds
  7 rats
49 creatures vanquished.

Notes
Turn   | Place    | Note
-------+----------+-------------------------------------------
     0 | D:1      | cforsyth the Draconian Venom Mage began the quest for the
                  | Orb.
     0 | D:1      | Reached XP level 1. HP: 14/14 MP: 3/3
   304 | D:1      | Reached XP level 2. HP: 19/20 MP: 0/5
  1385 | D:2      | Reached XP level 3. HP: 26/26 MP: 3/6
  1465 | D:2      | Found a faded altar of an unknown god.
  1634 | D:2      | Found Okatomo's Armour Shoppe.
  2067 | D:3      | Reached XP level 4. HP: 32/33 MP: 2/7
  2241 | D:3      | Found a bloodstained altar of Trog.
  2764 | D:3      | Killed from afar by an orc priest

Illustrated notes

Levels and vault maps discovered:
D:1:      scummos_arrival_forest, layout_basic
D:2:      layout_loops_cross, hellmonk_ecumenical_altar_blasted, serial_shops,
          nicolae_shop_temple_entry_statues_fountains
D:3:      layout_basic, marbit_many_paths

Skill      XL: |  1  2  3 |
---------------+----------+-----
Stealth        | 2 |  2.0
Dodging        | 2 |  2.5
Transmutations | 2 |  2.1
Spellcasting   | |  2.7
Poison Magic   | |  3.6

Action                   |  1- 3 |  4- 6 || total
-------------------------+-------+-------++-------
Melee: Unarmed           |     4 |     2 ||     6
 Cast: Sting             |    51 |    25 ||    76
Armor: Skin              |    27 |     2 ||    29
Dodge: Dodged            |    38 |     8 ||    46

Table legend: (Time is in decaauts)
 A = Elapsed time spent in this place.
 B = Non-inter-level travel time spent in this place.
 C = Inter-level travel time spent in this place.
 D = Time resting spent in this place.
 E = Time spent auto-exploring this place.
 F = Levels seen in this place.
 G = Mean time per level.
                   A        B        C        D        E       F      G
               +--------+--------+--------+--------+--------+-----+--------+
         Total |   2765 |   2705 |     60 |      0 |   2267 |   3 |  921.7 |
       Dungeon |   2765 |   2705 |     60 |      0 |   2267 |   3 |  921.7 |
               +--------+--------+--------+--------+--------+-----+--------+

Top non-repeatable levels by time:
     D:1: 1234 daAuts
     D:2: 769 daAuts
     D:3: 760 daAuts
